[Event "*** Titled Tuesday Blitz"]
[Site "Chess.com"]
[Date "2021.04.20"]
[Round "5"]
[White "elisak43"]
[Black "PavelShkapenko"]
[Result "1-0"]
[WhiteElo "2522"]
[BlackElo "2704"]
[TimeControl "180+1"]
[EndTime "10:53:28 PDT"]
[Termination "elisak43 won by resignation"]

1. Nf3 Nf6 2. g3 d5 3. Bg2 c6 4. O-O Bg4 5. h3 Bh5 6. d4 Nbd7 7. c4 e6 8. cxd5 exd5 9. Qb3 Qb6 10. Qe3+ Be7 11. Nh4 Bg6 12. Nc3 Qd8 13. Nxg6 hxg6 14. Qd3 O-O 15. Bf3 Re8 16. Kg2 Bb4 17. h4 Bxc3 18.
bxc3 Nb6 19. Bg5 Qd7 20. Bxf6 gxf6 21. h5 Kg7 22. Rh1 Rh8 23. Rh4 Rh6 24. Rhh1 Rah8 25.
hxg6 Rxh1 26. Rxh1 Rxh1 27. Kxh1 fxg6 28. Kg2 Qe7 29. e4 dxe4 30. Bxe4 f5 31. Bf3 Qa3 32. Qe3 Nc4 33. Qe6 Qxc3 34. Qe7+ Kh6 35. Qh4+ Kg7 36. Qe7+ Kh6 37. Qf6 Qb4 38. Qh8+ 1-0

[Event "*** Titled Tuesday Blitz"]
[Site "Chess.com"]
[Date "2021.04.20"]
[Round "5"]
[White "Enriquack"]
[Black "emperor87"]
[Result "0-1"]
[WhiteElo "2471"]
[BlackElo "2696"]
[TimeControl "180+1"]
[EndTime "10:53:28 PDT"]
[Termination "emperor87 won by resignation"]

1. e4 d5 2. exd5 Qxd5 3. Nc3 Qd8 4. d4 c6 5. Nf3 Bf5 6. Nh4 Bg6 7. Nxg6 hxg6 8.
Bc4 e6 9. Be3 Nf6 10. Qf3 Nbd7 11. O-O-O Qa5 12. Kb1 Qf5 13. Qg3 O-O-O 14. d5 exd5 15.
Bxd5 Nxd5 16. Rxd5 cxd5 17. Nb5 Ne5 18. Bd4 Bd6 19.
Nxd6+ Rxd6 20. Bxe5 Rc6 21. Rc1 f6 22. Bd4 a6 23. h3 Re8 24. Qb3 g5 25. Be3 Qe4 26. Rd1 Qxg2 27. a3 Rd8 28. Bb6 Rdd6 29. Bd4 Qe4 30.
Bc3 d4 31. Bb4 Rd8 32. Qg3 0-1

[Event "*** Titled Tuesday Blitz"]
[Site "Chess.com"]
[Date "2021.04.20"]
[Round "5"]
[White "Cuajada_Zero"]
[Black "aljado"]
[Result "1-0"]
[WhiteElo "2307"]
[BlackElo "2063"]
[TimeControl "180+1"]
[EndTime "10:53:31 PDT"]
[Termination "Cuajada_Zero won by resignation"]

1. d4 Nf6 2. Bg5 e6 3. e4 h6 4. Bxf6 Qxf6 5. c3 b6 6. Bd3 Bb7 7. Ne2 c5 8. O-O d6 9. Nd2 Be7 10. f4 cxd4 11. cxd4 Nc6 12. e5 dxe5 13. dxe5 Qh4 14.
Nf3 Qh5 15. h3 f5 16. exf6 Bxf6 17. Ng3 Qc5+ 18. Kh1 O-O 19. Qe2 Nd4 20. Nxd4 Qxd4 21. Qxe6+ Kh8 22. Qf5 Kg8 23. Qh7+ Kf7 24. Rae1 Bxg2+ 25. Kxg2 Qxb2+ 26. Rf2 Qxf2+ 27. Kxf2 1-0

[Event "*** Titled Tuesday Blitz"]
[Site "Chess.com"]
[Date "2021.04.20"]
[Round "5"]
[White "Firouzja2003"]
[Black "MatyChess1"]
[Result "1-0"]
[WhiteElo "3127"]
[BlackElo "2650"]
[TimeControl "180+1"]
[EndTime "10:53:32 PDT"]
[Termination "Firouzja2003 won on time"]

1. d4 d5 2. Bg5 h6 3. Bh4 c5 4. e3 Nc6 5. Nf3 cxd4 6. exd4 Bg4 7. c3 Nf6 8. Qb3 Qb6 9. Nbd2 e6 10. Ne5 Qxb3 11. axb3 Nxe5 12. dxe5 Nd7 13. Bb5 a6 14. h3 Bh5 15. b4 Rc8 16. Bxd7+ Kxd7 17. Nb3 Rc4 18. g4 Bg6 19. Na5 Re4+ 20. Kd2 h5 21.
f3 Rxe5 22. Bg3 f6 23. Nxb7 hxg4 24. hxg4 Rxh1 25. Rxh1 d4 26. Bxe5 fxe5 27. Nc5+ Kd6 28.
Ra1 Be7 29. Rxa6+ Kd5 30. Nxe6 Kc4 31. Nxd4 Bg5+ 32. Kd1 Bd3 33. Rc6+ Kd5 34. Rc5+ Kd6 35. Nf5+ 1-0

[Event "*** Titled Tuesday Blitz"]
[Site "Chess.com"]
[Date "2021.04.20"]
[Round "5"]
[White "cukin84"]
[Black "noblerone"]
[Result "0-1"]
[WhiteElo "2125"]
[BlackElo "2400"]
[TimeControl "180+1"]
[EndTime "10:53:33 PDT"]
[Termination "noblerone won by resignation"]

1. e4 c5 2. Nc3 a6 3. f4 b5 4.
Nf3 Bb7 5. d3 e6 6. Be3 d5 7.
exd5 exd5 8. d4 b4 9. Na4 c4 10. b3 c3 11. Bd3 Nf6 12. O-O Be7 13. Ne5 O-O 14. f5 Nc6 15. Nc5 Bxc5 16. Nxc6 Bxc6 17. dxc5 d4 18. Bg5 Qd5 19. Qe2 Rfe8 20.
Qf2 Qxc5 21. Bxf6 gxf6 22. Rae1 Re3 23. Qh4 Qe5 24. Rxe3 dxe3 25. Kh1 a5 26. Be2 Kh8 27. Qc4 Bd5 28. Qf4 Rg8 29. Qxe5 Bxg2+ 30. Kg1 Bxf1+ 31. Kxf1 fxe5 0-1

[Event "*** Titled Tuesday Blitz"]
[Site "Chess.com"]
[Date "2021.04.20"]
[Round "5"]
[White "HrvojeZagreb"]
[Black "Skat2704"]
[Result "0-1"]
[WhiteElo "2290"]
[BlackElo "2673"]
[TimeControl "180+1"]
[EndTime "10:53:34 PDT"]
[Termination "Skat2704 won by checkmate"]

1. d4 d5 2. Bf4 e6 3. e3 Bd6 4.
Bg3 Nf6 5. Nf3 O-O 6. Bd3 c5 7. c3 b6 8. Qe2 Bb7 9. Nbd2 Ne4 10. Bxd6 Qxd6 11. Ne5 Nd7 12. Nxd7 Qxd7 13. Bxe4 dxe4 14. dxc5 bxc5 15. O-O a5 16. Rfd1 Qc7 17. Qc4 Bd5 18.
Qa4 f5 19. c4 Bc6 20. Qc2 Rf6 21. Nf1 Raf8 22. g3 e5 23. Rd2 f4 24. Rad1 Qc8 25.
Rd6 f3 26. Rxf6 Qh3 27. Rxf8+ Kxf8 28. Rd8+ Ke7 29. Qd1 Qg2# 0-1

[Event "*** Titled Tuesday Blitz"]
[Site "Chess.com"]
[Date "2021.04.20"]
[Round "5"]
[White "Anton_Demchenko"]
[Black "Artem_Sadovsky"]
[Result "1-0"]
[WhiteElo "2904"]
[BlackElo "2627"]
[TimeControl "180+1"]
[EndTime "10:53:35 PDT"]
[Termination "Anton_Demchenko won by resignation"]

1. e4 g6 2. d4 Bg7 3. Nc3 c6 4. Nf3 d5 5. Bf4 dxe4 6. Nxe4 Nd7 7. Qe2 Ngf6 8. Nd6+ Kf8 9. Nxc8 Rxc8 10. O-O-O Qa5 11. Kb1 Nd5 12. Bc1 e5 13. Nxe5 Nxe5 14. dxe5 Re8 15. f4 Qb4 16. Qf3 f6 17. c4 Ne7 18. Bd3 Kf7 19.
Rhe1 Rhf8 20. e6+ Kg8 21. f5 Nxf5 22. Bxf5 gxf5 23. Qxf5 Qxc4 24. Rd7 Kh8 25. Bh6 Rf7 26.
Rxf7 Qd3+ 27. Qxd3 1-0

[Event "*** Titled Tuesday Blitz"]
[Site "Chess.com"]
[Date "2021.04.20"]
[Round "5"]
[White "Orest_Vovk"]
[Black "NicoChasin"]
[Result "0-1"]
[WhiteElo "2469"]
[BlackElo "2692"]
[TimeControl "180+1"]
[EndTime "10:53:35 PDT"]
[Termination "NicoChasin won on time"]

1. h3 h6 2. g4 d5 3. Bg2 c6 4. d4 Nf6 5. Nf3 Nbd7 6. Bf4 Qb6 7. b3 e6 8. e3 Ne4 9. O-O Bd6 10. Bxd6 Nxd6 11.
Nbd2 O-O 12. c4 dxc4 13. Nxc4 Nxc4 14. bxc4 c5 15. Qb3 Qc7 16. Rfd1 Rb8 17. d5 exd5 18. cxd5 Qd6 19. Nd2 b5 20. Ne4 Qb6 21. Rac1 Bb7 22. a4 a6 23. Nc3 Ba8 24. d6 Bxg2 25. Kxg2 c4 26. Qb4 Ne5 27. Nd5 Qb7 28. f3 Nd3 29. Rxd3 cxd3 30. Ne7+ Kh8 31. Rc7 Qb6 32. Nd5 a5 33.
Qd4 Qxd4 34. exd4 bxa4 35. Rc3 Rb3 0-1

[Event "*** Titled Tuesday Blitz"]
[Site "Chess.com"]
[Date "2021.04.20"]
[Round "5"]
[White "pastouche06"]
[Black "AryanTari"]
[Result "0-1"]
[WhiteElo "2563"]
[BlackElo "2883"]
[TimeControl "180+1"]
[EndTime "10:53:35 PDT"]
[Termination "AryanTari won on time"]

1. d4 d5 2. c4 e6 3. Nc3 c5 4. cxd5 exd5 5. Nf3 Nc6 6. dxc5 Bxc5 7. Nxd5 Be6 8. e4 Nf6 9. Nxf6+ Qxf6 10. Bb5 O-O 11. O-O Rac8 12. Bg5 Qxb2 13. Rb1 Qa3 14. Qa4 Qxa4 15.
Bxa4 b6 16. Bb3 Bxb3 17. Rxb3 Rfe8 18. Re1 h6 19. Bc1 Rcd8 20. Bb2 a5 21. a4 Nb4 22.
Ne5 Rd2 23. Rf1 Rxb2 24. Rxb2 Rxe5 25. g3 Rxe4 26. Kg2 g5 27. f3 Rc4 28. Rd1 Nc6 0-1

[Event "*** Titled Tuesday Blitz"]
[Site "Chess.com"]
[Date "2021.04.20"]
[Round "5"]
[White "Flopezin"]
[Black "topin8"]
[Result "1-0"]
[WhiteElo "2343"]
[BlackElo "2186"]
[TimeControl "180+1"]
[EndTime "10:53:35 PDT"]
[Termination "Flopezin won by resignation"]

1. c4 Nf6 2. Nc3 e6 3. e4 d5 4. cxd5 exd5 5. e5 d4 6. exf6 dxc3 7. Bb5+ c6 8. Qe2+ Be6 9. Bc4 Qxf6 10. dxc3 Bc5 11. Nf3 O-O 12. Bxe6 fxe6 13. Be3 Nd7 14. O-O-O Rad8 15. Rhe1 h6 16. Kb1 Qf5+ 17. Qc2 Bxe3 18.
Rxe3 Kf7 19. Red3 e5 20. Rxd7+ Qxd7 21. Nxe5+ 1-0

[Event "*** Titled Tuesday Blitz"]
[Site "Chess.com"]
[Date "2021.04.20"]
[Round "5"]
[White "allejam"]
[Black "Leo_C"]
[Result "0-1"]
[WhiteElo "2202"]
[BlackElo "2429"]
[TimeControl "180+1"]
[EndTime "10:53:37 PDT"]
[Termination "Leo_C won by checkmate"]

1. e4 c6 2. d4 d5 3. exd5 cxd5 4. Nc3 Nc6 5. Bf4 a6 6. Nf3 Bg4 7. h3 Bxf3 8. Qxf3 e6 9. Qe3 Nf6 10. Bd3 Qb6 11. Ne2 Qxb2 12. O-O Qb6 13. Rab1 Qa7 14. Qg3 h6 15. Qg4 Nxg4 16. hxg4 Nxd4 17. Be3 Nxe2+ 18. Bxe2 d4 19. Bd2 Bd6 20. Bf3 Rb8 21.
c3 dxc3 22. Bxc3 O-O 23. g3 Bxg3 24. Kg2 Bd6 25. g5 Qc5 26. Bd2 hxg5 27. Rh1 Qf5 28. Rh5 Qxb1 29. Rxg5 f6 30. Rh5 Qg6+ 31. Kf1 Rbc8 32.
Rh4 Qd3+ 33. Kg2 Qxd2 34. Be4 Qg5+ 35. Rg4 Qxg4+ 36. Kf1 Rc1# 0-1

[Event "*** Titled Tuesday Blitz"]
[Site "Chess.com"]
[Date "2021.04.20"]
[Round "5"]
[White "energie73"]
[Black "Michaelson_11"]
[Result "0-1"]
[WhiteElo "2340"]
[BlackElo "2222"]
[TimeControl "180+1"]
[EndTime "10:53:37 PDT"]
[Termination "Michaelson_11 won by resignation"]

1. d4 Nf6 2. Bf4 g6 3. Nc3 d5 4.
Nb5 Na6 5. e3 Bg7 6. Nf3 c6 7.
Nc3 Nc7 8. Be2 O-O 9. h3 b6 10. O-O Bb7 11. a4 a6 12. Rb1 c5 13.
Re1 Nce8 14. b4 c4 15. Nd2 Nd6 16. Bf3 Nfe4 17. Ndxe4 dxe4 18. Be2 Rc8 19. Be5 f6 20. Bh2 f5 21. Be5 Bxe5 22. dxe5 Nf7 23. Qd4 Qc7 24. e6 Ng5 25. Nd5 Bxd5 26. Qxd5 Rfd8 27. Red1 Rxd5 28.
Rxd5 Nxe6 29. Rbd1 Rd8 30. g4 Rxd5 31. Rxd5 Qc6 32. Re5 Qd6 33. gxf5 Qxe5 34. fxe6 Qxe6 0-1

[Event "*** Titled Tuesday Blitz"]
[Site "Chess.com"]
[Date "2021.04.20"]
[Round "5"]
[White "kidagent"]
[Black "shineatchess"]
[Result "0-1"]
[WhiteElo "2335"]
[BlackElo "2225"]
[TimeControl "180+1"]
[EndTime "10:53:38 PDT"]
[Termination "shineatchess won by resignation"]

1. e4 Nf6 2. e5 Nd5 3. b3 d6 4.
exd6 exd6 5. Bb2 Be6 6. Nf3 Nd7 7. g3 N5f6 8. Bg2 Be7 9. O-O O-O 10. Nc3 c6 11.
Ne2 d5 12. Ned4 Bg4 13. h3 Bh5 14. Nf5 Bc5 15. g4 Bg6 16. N3h4 Re8 17. Re1 Bf8 18.
d3 Qb6 19. Qf3 Qc7 20. g5 Nh5 21. Bf1 Qf4 22. Qxf4 Nxf4 23. Kh2 Ne6 24. Bc1 Bxf5 25. Nxf5 g6 26. Nh6+ Bxh6 27. gxh6 Nd4 28. Bb2 Nf3+ 0-1

[Event "*** Titled Tuesday Blitz"]
[Site "Chess.com"]
[Date "2021.04.20"]
[Round "5"]
[White "Roedor"]
[Black "ChessQueen"]
[Result "0-1"]
[WhiteElo "2270"]
[BlackElo "2694"]
[TimeControl "180+1"]
[EndTime "10:53:40 PDT"]
[Termination "ChessQueen won by resignation"]

1. d4 Nf6 2. c4 e6 3. g3 d5 4. Nf3 dxc4 5. Bg2 Nc6 6. O-O Rb8 7. e3 b5 8. Qe2 Be7 9. Rd1 O-O 10. e4 Nb4 11. Ne5 Nd7 12. Nxd7 Bxd7 13. b3 Nd3 14. bxc4 bxc4 15. Nd2 Bb5 16. a4 Ba6 17. d5 Bf6 18.
Ba3 Bxa1 19. Bxf8 Qxf8 20. Rxa1 Rb2 21. Qe3 Qc5 22. Nf1 c3 23. Qxc5 Nxc5 24. Ne3 Nd3 25. Bf1 c2 26. Nxc2 Rxc2 27. Rb1 g6 28. Rb8+ Kg7 29.
Ra8 Rc1 30. Rxa7 Nb4 31. Kg2 Bxf1+ 32. Kf3 exd5 33. exd5 Nxd5 34. a5 Ra1 35. Ke4 Nc3+ 36. Ke5 c5 37. h4 h5 38. Kd6 Nb5+ 0-1

[Event "*** Titled Tuesday Blitz"]
[Site "Chess.com"]
[Date "2021.04.20"]
[Round "5"]
[White "davidkalashian"]
[Black "RobertoJBM"]
[Result "1/2-1/2"]
[WhiteElo "2529"]
[BlackElo "2730"]
[TimeControl "180+1"]
[EndTime "10:53:41 PDT"]
[Termination "Game drawn by repetition"]

1. e4 c6 2. Nc3 d5 3. d4 dxe4 4. Nxe4 Nd7 5. Ng5 Ngf6 6. Bd3 e6 7. N1f3 Bd6 8. Qe2 h6 9. Ne4 Nxe4 10. Qxe4 Qc7 11. Bd2 b6 12. O-O-O Bb7 13. Qg4 g5 14. Qe4 c5 15. Qe2 O-O-O 16. Be4 Bxe4 17. Qxe4 Qb7 18. Qxb7+ Kxb7 19. dxc5 Bxc5 20. Be3 Rhe8 21. c3 Bxe3+ 22. fxe3 Nc5 23. Ne5 f6 24. Nf7 Rxd1+ 25. Rxd1 Kc7 26.
Nxh6 Rh8 27. Ng4 f5 28. Ne5 Rxh2 29. b4 Ne4 30. Rd7+ Kc8 31. Rxa7 Nxc3 32. a4 Rxg2 33. a5 bxa5 34. bxa5 Ra2 35. Nc6 g4 36. Re7 g3 37.
Na7+ Kd8 38. Nc6+ Kc8 39. Na7+ Kd8 40. Nc6+ Kc8 1/2-1/2

[Event "*** Titled Tuesday Blitz"]
[Site "Chess.com"]
[Date "2021.04.20"]
[Round "5"]
[White "mac0504"]
[Black "ChelsieMonica"]
[Result "1-0"]
[WhiteElo "2587"]
[BlackElo "2403"]
[TimeControl "180+1"]
[EndTime "10:53:41 PDT"]
[Termination "mac0504 won by checkmate"]

1. e4 Nc6 2. d4 e5 3. d5 Nce7 4.
h4 d6 5. c4 f5 6. Nc3 Nf6 7.
Bg5 f4 8. Be2 Neg8 9. h5 h6 10.
Bh4 Be7 11. Rc1 a6 12. c5 dxc5 13. Nf3 Bd6 14. Qc2 b5 15. a4 b4 16. Nb1 Bg4 17.
Nxe5 Bxe5 18. Bxg4 Qd6 19. Be6 Ne7 20. Nd2 c6 21.
Nc4 Qb8 22. O-O Nxh5 23. Rfd1 g5 24. d6 gxh4 25. Nxe5 Nd5 26. exd5 Qxd6 27. Qg6+ Ke7 28. Qf7+ Kd8 29. Nxc6+ Qxc6 30. dxc6# 1-0

[Event "*** Titled Tuesday Blitz"]
[Site "Chess.com"]
[Date "2021.04.20"]
[Round "5"]
[White "MIJuanReyesRosa"]
[Black "Vuk2000"]
[Result "0-1"]
[WhiteElo "2047"]
[BlackElo "2723"]
[TimeControl "180+1"]
[EndTime "10:53:42 PDT"]
[Termination "Vuk2000 won on time"]

1. d4 e6 2. e4 d5 3. Nd2 Be7 4. Bd3 Nf6 5. Ngf3 c5 6. dxc5 Nc6 7. O-O Bxc5 8. Qe2 O-O 9. e5 Nd7 10. Nb3 Be7 11. Bf4 Nb4 12. Nbd4 Nc5 13. a3 Nbxd3 14. cxd3 Bd7 15. Rac1 b5 16. b4 Na4 17. Nc6 Bxc6 18. Rxc6 a5 19. Nd4 axb4 20. axb4 Bxb4 21. Nxb5 Qd7 22.
Rfc1 Nc3 23. R6xc3 Qxb5 24. Rc7 Ra3 25. Qh5 Qxd3 26. Rc8 Ra8 27. R8c7 Ba5 28. Rd7 Bb6 29. Bg3 Qc2 30. Rf1 Ra2 31. h4 Qe4 0-1

[Event "*** Titled Tuesday Blitz"]
[Site "Chess.com"]
[Date "2021.04.20"]
[Round "5"]
[White "beautroll"]
[Black "vinniethepooh"]
[Result "0-1"]
[WhiteElo "2458"]
[BlackElo "2738"]
[TimeControl "180+1"]
[EndTime "10:53:44 PDT"]
[Termination "vinniethepooh won by resignation"]

1. e4 c5 2. Nf3 d6 3. d4 cxd4 4.
Nxd4 Nf6 5. Nc3 a6 6. h3 e6 7. g4 b5 8. Bg2 Bb7 9. O-O Nfd7 10. a3 Be7 11. Be3 Nb6 12. b3 N8d7 13. Qd2 Rc8 14. f4 Qc7 15. Nce2 h5 16. g5 Nc5 17.
Qa5 Nbd7 18. Qxc7 Rxc7 19. e5 dxe5 20. fxe5 Bxg2 21. Kxg2 Nxe5 22. Bf4 Ncd7 23. a4 b4 24. Rad1 Rc5 25. Rd2 Ng6 26. Nf3 Nxf4+ 27. Nxf4 Bxg5 28. Nxg5 Rxg5+ 29. Kh2 Ne5 30. Rd6 O-O 31. Rxa6 Rc8 32. Rf2 Rxc2 33. Ra8+ Kh7 0-1

[Event "*** Titled Tuesday Blitz"]
[Site "Chess.com"]
[Date "2021.04.20"]
[Round "5"]
[White "chessajedrezz2020"]
[Black "Klavdia_Nik"]
[Result "1-0"]
[WhiteElo "2702"]
[BlackElo "2047"]
[TimeControl "180+1"]
[EndTime "10:53:44 PDT"]
[Termination "chessajedrezz2020 won on time"]

1. Nf3 Nf6 2. d4 c5 3. d5 g6 4. Nc3 d6 5. e4 Bg7 6. h3 O-O 7. a4 b6 8. Bd3 Ba6 9. O-O Bxd3 10. Qxd3 Nbd7 11. Bf4 Nh5 12. Bh2 a6 13. Rfe1 Ne5 14.
Nxe5 dxe5 15. Rad1 Qd6 16. Nb1 Rfb8 17. Na3 f6 18.
Nc4 Qd7 19. a5 Qb5 20. Nxb6 Qxd3 21. Rxd3 Ra7 22. Rc3 Bf8 23. Rxc5 Nf4 24. Bxf4 exf4 25. Rc6 Rab7 26. c3 g5 27. b4 1-0

[Event "*** Titled Tuesday Blitz"]
[Site "Chess.com"]
[Date "2021.04.20"]
[Round "5"]
[White "MPGM"]
[Black "bazar-wokzal"]
[Result "0-1"]
[WhiteElo "2518"]
[BlackElo "2709"]
[TimeControl "180+1"]
[EndTime "10:53:45 PDT"]
[Termination "bazar-wokzal won by checkmate"]

1. c4 f5 2. Nc3 Nf6 3. g3 e5 4. Bg2 Nc6 5. e3 d6 6. Nge2 Be6 7. b3 d5 8. cxd5 Nxd5 9. O-O Be7 10. Bb2 O-O 11. d4 e4 12. Nxd5 Bxd5 13. Nf4 Bg5 14. Nxd5 Qxd5 15. Rc1 Be7 16. f3 Bg5 17. Re1 Rae8 18. Rc5 Qd8 19. fxe4 fxe4 20. Qg4 Bh6 21. Bxe4 Kh8 22. Bxc6 Rxe3 23. Rxe3 Bxe3+ 24. Kg2 bxc6 25. Rc2 Qf6 26. Re2 Qf1# 0-1

[Event "*** Titled Tuesday Blitz"]
[Site "Chess.com"]
[Date "2021.04.20"]
[Round "5"]
[White "SHIVACalypso"]
[Black "Guzman70"]
[Result "1-0"]
[WhiteElo "2458"]
[BlackElo "2312"]
[TimeControl "180+1"]
[EndTime "10:53:49 PDT"]
[Termination "SHIVACalypso won by checkmate"]

1. Nf3 Nf6 2. c4 g6 3. g3 Bg7 4. Bg2 O-O 5. O-O d6 6. Nc3 e5 7. d3 Nc6 8. Rb1 Nh5 9. b4 f5 10. b5 Ne7 11. Qb3 Kh8 12. a4 a5 13. Bb2 f4 14. Nd5 Be6 15. Nd2 Nxd5 16. cxd5 Bg4 17. Nf3 b6 18. Rfc1 Qd7 19. Qc4 Rac8 20. Qc6 Qf5 21. Qb7 Qf7 22. Rc2 fxg3 23. hxg3 Bh6 24. Bc1 Bg7 25. Be3 Nf6 26. Ng5 Qe7 27. Rbc1 h6 28. Rxc7 Rxc7 29. Rxc7 Qxc7 30. Qxc7 hxg5 31. Bxg5 Nh7 32. Be7 Rf7 33. Qxd6 Bxe2 34. Be4 Nf6 35. Bxg6 Rxe7 36. Qxe7 Nxd5 37. Qe8+ Bf8 38. Qxf8# 1-0

[Event "*** Titled Tuesday Blitz"]
[Site "Chess.com"]
[Date "2021.04.20"]
[Round "5"]
[White "Mikhail_Golubev"]
[Black "GMRafpig"]
[Result "0-1"]
[WhiteElo "2592"]
[BlackElo "2704"]
[TimeControl "180+1"]
[EndTime "10:53:51 PDT"]
[Termination "GMRafpig won by resignation"]

1. e4 e5 2. Nf3 Nc6 3. Bb5 a6 4. Ba4 Nf6 5. O-O b5 6. Bb3 Bc5 7. c3 d6 8. d4 Bb6 9. a4 Rb8 10. a5 Ba7 11. h3 O-O 12. Be3 Re8 13. Nbd2 h6 14. Bc2 exd4 15. cxd4 Nb4 16. Bb1 c5 17. dxc5 dxc5 18. Ra3 Bb7 19. e5 Nfd5 20. Re1 Nxe3 21.
Raxe3 c4 22. Ra3 Qd7 23. Nh4 Rbd8 24. Nf5 Qxd2 25. Qg4 Qxe1+ 26. Kh2 Qxe5+ 27. Rg3 Bxf2 28. Nxh6+ Kf8 0-1

[Event "*** Titled Tuesday Blitz"]
[Site "Chess.com"]
[Date "2021.04.20"]
[Round "5"]
[White "OriTaichman"]
[Black "not_najdorfs_player"]
[Result "1-0"]
[WhiteElo "2551"]
[BlackElo "2367"]
[TimeControl "180+1"]
[EndTime "10:53:51 PDT"]
[Termination "OriTaichman won by resignation"]

1. e4 e5 2. d4 exd4 3. Qxd4 Nc6 4. Qe3 d6 5. Nc3 g6 6. Bd2 Bg7 7. O-O-O Qe7 8. Nd5 Qd8 9. h4 Nf6 10. h5 Nxh5 11. Bc3 Be6 12. Rxh5 gxh5 13. Bxg7 Kd7 14. Bxh8 Qxh8 15. Nf3 Rg8 16. Bb5 a6 17. Bxc6+ bxc6 18. Nxc7 Kxc7 19. Qa7+ Kd8 20. Qb8+ Ke7 21. Qxd6+ Kf6 22.
Qe5+ Ke7 23. Qc5+ Kf6 24. Rd7 h6 25. Qe7+ Kg6 26. Nh4+ Kh7 27. Qxe6 Rg7 28. Qf5+ 1-0

[Event "*** Titled Tuesday Blitz"]
[Site "Chess.com"]
[Date "2021.04.20"]
[Round "5"]
[White "LifeIsAllAboutChess23"]
[Black "NONmaster99"]
[Result "1-0"]
[WhiteElo "2159"]
[BlackElo "2306"]
[TimeControl "180+1"]
[EndTime "10:53:53 PDT"]
[Termination "LifeIsAllAboutChess23 won by checkmate"]

1. d4 g6 2. e4 Bg7 3. Nc3 c6 4. Be3 d5 5. exd5 cxd5 6. h4 h5 7.
Bd3 Nh6 8. Nge2 Bf5 9. f3 Bxd3 10. Qxd3 Nc6 11. Qb5 Nf5 12. Bf2 O-O 13. O-O-O e6 14. g4 Nd6 15. Qd3 Qa5 16. a3 Nc4 17. gxh5 b5 18.
Be1 Bh6+ 19. Kb1 b4 20. Na2 Rab8 21. axb4 Nxb4 22. Nxb4 Rxb4 23. Bxb4 Qxb4 24. Qc3 Qa4 25. b3 Rb8 26. hxg6 Na5 27. gxf7+ Kh8 28. Rhg1 Nxb3 29. Rg8+ Kh7 30. Qd3# 1-0

[Event "*** Titled Tuesday Blitz"]
[Site "Chess.com"]
[Date "2021.04.20"]
[Round "5"]
[White "Iskusnyh"]
[Black "UnknownxArmy"]
[Result "0-1"]
[WhiteElo "2621"]
[BlackElo "2486"]
[TimeControl "180+1"]
[EndTime "10:53:56 PDT"]
[Termination "UnknownxArmy won by resignation"]

1. d4 Nf6 2. c4 e6 3. Nc3 Bb4 4. e3 O-O 5. Bd2 d5 6. Nf3 b6 7.
cxd5 exd5 8. Bd3 Bb7 9. O-O Nbd7 10. Rc1 Be7 11. Bb1 Ne4 12. Nxe4 dxe4 13. Ne5 Nxe5 14. dxe5 Qd5 15. Bc3 Qxd1 16. Rfxd1 Rfd8 17. Kf1 Rxd1+ 18.
Rxd1 Rd8 19. Rxd8+ Bxd8 20. Ke2 Kf8 21. f3 Ke7 22. Bxe4 Bxe4 23. fxe4 c5 24. Kd3 Ke6 25. Kc4 a6 26. a4 Be7 27. g3 h5 28. h3 g5 29. g4 hxg4 30. hxg4 Bf8 31. Be1 Kxe5 32. Kd3 c4+ 33. Kxc4 Kxe4 34. Bd2 Bc5 35. b4 Bxe3 36. Bc3 Kf4 37. Kd5 Kxg4 38. Kc6 f5 39. a5 bxa5 40. bxa5 f4 41. Kb7 f3 42. Be1 f2 43. Bxf2 Bxf2 44. Kxa6 Kf3 0-1

[Event "*** Titled Tuesday Blitz"]
[Site "Chess.com"]
[Date "2021.04.20"]
[Round "5"]
[White "stanyga"]
[Black "Rozhkov_V"]
[Result "1-0"]
[WhiteElo "2615"]
[BlackElo "2425"]
[TimeControl "180+1"]
[EndTime "10:53:56 PDT"]
[Termination "stanyga won by resignation"]

1. d4 d5 2. c4 dxc4 3. e3 e6 4. Bxc4 Nf6 5. Nf3 a6 6. a4 c5 7.
O-O Nc6 8. Nc3 Be7 9. Qe2 cxd4 10. Rd1 O-O 11. exd4 Nd5 12. Qe4 Ncb4 13. Ne5 b6 14.
Qg4 f5 15. Qe2 Bb7 16. Bd2 Nc2 17. Nf3 Nxa1 18. Qxe6+ Kh8 19. Nxd5 Nc2 20. Nxe7 Bxf3 21. gxf3 Nxd4 22. Qe3 f4 23. Qe4 Nxf3+ 24. Qxf3 Qxe7 25. Bc3 Rad8 26. Re1 Qg5+ 27. Kh1 Rfe8 28. Rg1 1-0

[Event "*** Titled Tuesday Blitz"]
[Site "Chess.com"]
[Date "2021.04.20"]
[Round "5"]
[White "Pantata007"]
[Black "jraosam"]
[Result "0-1"]
[WhiteElo "2213"]
[BlackElo "1906"]
[TimeControl "180+1"]
[EndTime "10:53:56 PDT"]
[Termination "jraosam won by checkmate"]

1. d4 d5 2. c4 e6 3. Nc3 Nf6 4. cxd5 exd5 5. Bg5 c6 6. e3 Be7 7. Bd3 h6 8. Bf4 O-O 9. Nf3 Nbd7 10. O-O Re8 11. h3 b6 12. Rc1 Bb7 13. Bb1 a6 14. Qc2 Nf8 15. Ne5 Rc8 16. Rfd1 Ne6 17. Bh2 Bd6 18.
a3 Bb8 19. b4 Qe7 20. Na4 Nd7 21. Nxd7 Bxh2+ 22. Kxh2 Qxd7 23. Qh7+ Kf8 24. Kg1 Qd8 25. Bf5 Ng5 26. Qh8+ Ke7 27. Qxg7 Rg8 28. Qe5+ Kf8 29. Bxc8 Nf3+ 30. Kh1 Nxe5 31. Bxb7 Qg5 32. Rg1 Nd3 33.
Rcf1 Qh4 34. Bxc6 Nxf2+ 35. Kh2 Qg3# 0-1

[Event "*** Titled Tuesday Blitz"]
[Site "Chess.com"]
[Date "2021.04.20"]
[Round "5"]
[White "quizden37"]
[Black "WPWPWP-2015"]
[Result "1-0"]
[WhiteElo "2798"]
[BlackElo "2462"]
[TimeControl "180+1"]
[EndTime "10:53:58 PDT"]
[Termination "quizden37 won by resignation"]

1. e4 e5 2. Nf3 Nc6 3. Bb5 Nf6 4. d3 d6 5. c3 Be7 6. O-O O-O 7. Ba4 Bg4 8. h3 Bh5 9. Nbd2 Nb8 10. Re1 Nbd7 11. Nf1 Bg6 12. Ng3 c6 13. Bc2 Nc5 14. Be3 Ne6 15. Qd2 Nh5 16. Nf5 Nhf4 17. Rad1 Qd7 18. d4 Qc7 19. dxe5 dxe5 20. Nxe7+ Qxe7 21. Nxe5 Qg5 22. Ng4 h5 23. Bxf4 Nxf4 24. Ne3 Rad8 25. Qc1 Nxh3+ 26.
Kf1 Nf4 27. g3 Ne6 28. Nf5 Qg4 29. Kg2 Ng5 30. Qf4 Qh3+ 31. Kg1 Ne6 32. Qe5 Bxf5 33. Qxf5 Qxf5 34. exf5 Ng5 35. Re7 Rxd1+ 36. Bxd1 Rd8 37. Bxh5 Rd2 38. Rxb7 Ne4 39. Bxf7+ Kh7 40. Bg6+ Kh6 41. f4 Nxg3 42. Rb8 Ne2+ 43. Kf2 Nxf4+ 44. Ke3 Nxg6 45. Kxd2 Ne7 46. Rb7 Nxf5 47. Rxa7 g5 48. a4 g4 49. Ke2 Kg5 50. a5 Kf4 51. a6 g3 52. Rf7 Kg4 53.
Rxf5 Kxf5 54. a7 g2 55. Kf2 g1=Q+ 56. Kxg1 1-0

[Event "*** Titled Tuesday Blitz"]
[Site "Chess.com"]
[Date "2021.04.20"]
[Round "5"]
[White "ShahMatKanal"]
[Black "suyu28"]
[Result "0-1"]
[WhiteElo "2401"]
[BlackElo "2610"]
[TimeControl "180+1"]
[EndTime "10:53:59 PDT"]
[Termination "suyu28 won on time"]

1. Nf3 f5 2. d3 Nf6 3. e4 d6 4. c3 g6 5. exf5 gxf5 6. Bg5 Bg7 7. Qb3 e6 8. Nbd2 O-O 9. Be2 Nc6 10.
O-O-O Kh8 11. h3 e5 12. g4 f4 13. Bh4 Qe8 14. Ng5 a5 15. Nde4 a4 16. Qc2 a3 17. b3 Nxe4 18. dxe4 b5 19. Bxb5 Bd7 20. Bc4 Na5 21. Bf7 Rxf7 22. Nxf7+ Qxf7 23. f3 Be6 24. c4 Rb8 25. Be1 Nc6 26. Bc3 Nd4 27. Bxd4 exd4 28.
Rd3 c5 29. h4 Bf8 30. Qg2 Bxc4 31. bxc4 Rb2 32. Rd2 Qxc4+ 33. Rc2 Qd3 34. Rxb2 axb2+ 35. Qxb2 Qxf3 36. Re1 h6 37. Qb8 Kg8 0-1